 Dungeon Crawl Stone Soup version 0.17-a0-2073-gde5cdba (webtiles) character file.

5120 derrpe the Cleaver (level 10, -3/91 HPs)
             Began as a Deep Dwarf Fighter on Oct 15, 2015.
             Was a Priest of Makhleb.
             Slain by a komodo dragon (14 damage)
             ... on level 10 of the Dungeon.
             The game lasted 00:18:53 (11567 turns).

derrpe the Cleaver (Deep Dwarf Fighter)            Turns: 11567, Time: 00:18:53

Health: -3/91      AC: 18    Str: 23    XL:     10   Next: 32%
Magic:  16/16      EV: 15    Int: 15    God:    Makhleb [***...]
Gold:   99         SH:  0    Dex: 12    Spells: 0 memorised, 9 levels left

rFire  . . .     SeeInvis .     a - +0 battleaxe
rCold  + . .     Clarity  .     C - +5 ring mail of Xom {rC- MR+++ Int+4}
rNeg   . . .     SustAt   .     (no shield)
rPois  .         Gourm    +     (no helmet)
rElec  .         Spirit   .     J - +1 cloak
rCorr  .         Warding  .     H - +2 pair of gloves
rMut   .         Stasis   .     I - +0 pair of boots
MR     ++++.                    d - amulet of the gourmand
Stlth  +.........               D - ring of Miracles {rC++ EV+4}
                                g - +2 ring of strength

@: non-regenerating, incredibly resistant to hostile enchantments, very
unstealthy
A: damage resistance, recharge devices, sense surroundings 2, slow regeneration
3
a: Device Recharging, Minor Destruction, Lesser Servant of Makhleb, Renounce
Religion


You were on level 10 of the Dungeon.
You worshipped Makhleb.
Makhleb was most pleased with you.
You were very full.

You visited 2 branches of the dungeon, and saw 11 of its levels.

You collected 456 gold pieces.
You spent 357 gold pieces at shops.

Inventory:

Hand Weapons
 a - a +0 battleaxe (weapon)
 b - a +0 blowgun
Missiles
 j - 250 stones
 q - 9 tomahawks (quivered)
 t - 8 exploding tomahawks
 w - 14 poisoned needles
Armour
 C - the +5 ring mail of Xom (worn) {rC- MR+++ Int+4}
   (You found it on level 9 of the Dungeon)

   It affects your intelligence (+4).
   It makes you vulnerable to cold.
   It affects your resistance to hostile enchantments.
 H - a +2 pair of gloves (worn)
 I - a +0 pair of boots (worn)
 J - a +1 cloak (worn)
Jewellery
 d - an amulet of the gourmand (around neck)
 g - a +2 ring of strength (left hand)
 D - the ring of Miracles (right hand) {rC++ EV+4}
   (You found it on level 6 of the Dungeon)

   [ring of evasion]

   It affects your evasion (+4).
   It greatly protects you from cold.
 K - an uncursed ring of sustain attributes {unknown}
Wands
 e - a wand of heal wounds (1)
 r - a wand of random effects (8)
 E - a wand of draining (0)
 F - a wand of flame (6)
Scrolls
 i - 2 scrolls of identify
 s - a scroll of enchant armour
 u - 4 scrolls of remove curse
 v - 8 scrolls of teleportation
 y - 2 scrolls of magic mapping
 A - 3 scrolls of recharging
Potions
 c - a potion of flight {unknown}
 h - 4 potions of curing
 k - 2 potions of poison {unknown}
 l - 2 potions of degeneration {unknown}
 n - 2 potions of magic {unknown}
 p - a potion of mutation {unknown}
 x - 2 potions of heal wounds {unknown}
 B - 3 potions of brilliance {unknown}
 G - 2 potions of agility {unknown}
 N - a potion of haste {unknown}
Comestibles
 f - 5 bread rations {@e1}
 m - 23 fruits
 o - 7 meat rations {@e2}
 z - a royal jelly


   Skills:
 + Level 5.8 Fighting
 * Level 10.3 Axes
 + Level 7.1 Armour
 + Level 1.6 Dodging
   Level 5.2 Shields
 * Level 9.4 Invocations
 - Level 4.6 Evocations


You had 9 spell levels left.
You didn't know any spells.

Dungeon Overview and Level Annotations

Branches:
Dungeon (10/15)            Temple (1/1) D:5
   Lair: D:8-11         Orc: D:9-12

Altars:
Ashenzari
Cheibriados
Dithmenos
Elyvilon
Fedhas
Gozag
Kikubaaqudgha
Makhleb
Nemelex Xobeh
Okawaru
Qazlal
Ru
Sif Muna
Trog
Vehumet
Xom
Yredelemnul
Zin
The Shining One

Shops:
D:7 [   D:9 ?   D:10 (

Annotations:
D:5 George's ghost, novice MiFi


Innate Abilities, Weirdness & Mutations

You are resistant to damage.
You can recharge devices by infusing magical energy.
You passively map the area around you.
You do not regenerate naturally.


Message History

You feel much better.
This wand has 1 charge left.
Something barely misses you.
You closely miss something. The orc completely misses you.
Something barely misses you.
You barely miss something. The orc hits you but does no damage.
Something bites you!
* * * LOW HITPOINT WARNING * * *
You closely miss something. The orc barely misses you.
Something bites you but does no damage.
An orc comes into view. It is wielding a hand axe.
You miss something.
The orc shouts!
Something bites you.
* * * LOW HITPOINT WARNING * * *
The orc closely misses you.
You closely miss something. Something bites you but does no damage.
The orc closely misses you.
You completely miss something. Something bites you!
* * * LOW HITPOINT WARNING * * *
The orc hits you but does no damage. Something bites you!
You die...

######### #(...............#*,
........## #................#
* #.#####..#
#................# ,
..#...##.###................#
*
#.....'...##.........#.(.....
##....##..##.......o.##.?....
,
##....###.##......o..##+#####*
* ##....# #..######.###.....#
** ##....###..# #.@.........#
##....#....## #...........#,,
##....#.##..###...........#, ,
##....#...................#
##.########.###......##.### ,
, .......................... ,
, ##.#######.......#.####.###
, ##.# #.......#.# *.# * ,
##.# ##.......#.# * ,


You could see 2 orcs.

Vanquished Creatures
  An unseen horror (D:10)
  Pikel (D:7)
  A hill giant (D:10)
  Grinder (D:5)
  2 hippogriffs (D:8)
  A wyvern (D:9)
  A water moccasin (D:9)
  3 orc warriors
  2 slaves (D:7)
  An ogre (D:8)
  2 centaurs
  An ice beast (D:5)
  A big kobold (D:9)
  6 giant frogs
  4 scorpions
  3 killer bees (D:9)
  A giant frog zombie (D:9)
  4 crimson imps
  9 jellies
  An iron imp (D:5)
  6 orc wizards
  A centaur skeleton (D:4)
  2 giant frog skeletons
  3 orc priests
  7 hounds
  6 worker ants
  An iguana (D:8)
  A hound skeleton (D:10)
  2 worker ant zombies (D:9)
  15 adders
  3 shadow imps
  2 oozes
  An adder skeleton (D:6)
  2 worms
  5 giant geckos
  25 orcs
  2 ball pythons
  8 hobgoblins
  2 jackals (D:3)
  10 kobolds
  4 quokkas
  7 bats
  10 giant cockroaches
  7 giant newts
  8 goblins
  A jackal skeleton (D:5)
  8 rats
195 creatures vanquished.

Vanquished Creatures (others)
  2 giant frog zombies (D:7)
2 creatures vanquished.

Grand Total: 197 creatures vanquished

Notes
Turn   | Place    | Note
--------------------------------------------------------------
     0 | D:1      | derrpe the Deep Dwarf Fighter began the quest for the Orb.
     0 | D:1      | Reached XP level 1. HP: 20/20 MP: 1/1
   460 | D:1      | Reached XP level 2. HP: 27/27 MP: 2/2
  1123 | D:2      | Reached skill level 1 in Evocations
  1156 | D:2      | Reached XP level 3. HP: 12/33 MP: 3/3
  1460 | D:2      | Reached skill level 4 in Shields
  1527 | D:2      | Found an opulent altar of Gozag.
  1761 | D:2      | Reached XP level 4. HP: 31/40 MP: 5/5
  3611 | D:3      | Reached XP level 5. HP: 31/46 MP: 6/6
  3646 | D:3      | Found a blossoming altar of Fedhas.
  4631 | D:4      | Reached skill level 5 in Axes
  4730 | D:4      | Reached XP level 6. HP: 16/55 MP: 8/8
  4800 | D:4      | Found a sparkling altar of Nemelex Xobeh.
  4888 | D:4      | Found a shattered altar of Ashenzari.
  5010 | D:4      | Reached skill level 5 in Shields
  5328 | D:4      | Found a sacrificial altar of Ru.
  5331 | D:4      | Found an ancient bone altar of Kikubaaqudgha.
  5379 | D:4      | Found a shimmering altar of Xom.
  5382 | D:4      | Found a glowing silver altar of Zin.
  5498 | D:5      | Entered Level 5 of the Dungeon
  5519 | D:5      | Noticed Grinder
  5529 | D:5      | Killed Grinder
  5529 | D:5      | Reached skill level 6 in Axes
  5529 | D:5      | Reached XP level 7. HP: 31/62 MP: 10/10
  5542 | D:5      | Found a staircase to the Ecumenical Temple.
  5551 | Temple   | Entered the Ecumenical Temple
  5676 | Temple   | Became a worshipper of Makhleb the Destroyer
  6087 | D:5      | Found a snail-covered altar of Cheibriados.
  6101 | D:5      | Reached skill level 1 in Invocations
  6293 | D:5      | Noticed George's ghost (novice MiFi)
  6783 | D:6      | Reached XP level 8. HP: 42/72 MP: 11/11
  6794 | D:6      | Reached skill level 7 in Axes
  7120 | D:6      | Reached skill level 5 in Armour
  7137 | D:6      | Got a scorched jade ring
  7140 | D:6      | Identified the ring of Miracles {rC++ EV+4} (You found it on level 6 of the Dungeon)
  7192 | D:6      | Reached * piety under Makhleb
  7668 | D:6      | Got an ancient falchion
  7669 | D:6      | Identified the cursed +0 falchion "Ycuf Qosch" {freeze, Int+4} (You found it on level 6 of the Dungeon)
  7819 | D:7      | Noticed Pikel
  7830 | D:7      | Killed Pikel
  7830 | D:7      | Reached skill level 8 in Axes
  7830 | D:7      | Reached skill level 5 in Invocations
  7830 | D:7      | Gained mutation: You passively map the area around you. [Deep Dwarf growth]
  7830 | D:7      | Reached XP level 9. HP: 42/79 MP: 11/13
  7905 | D:7      | Found Foywno's Armour Shop.
  7913 | D:7      | Bought a +1 pair of gloves for 126 gold pieces
  7913 | D:7      | Bought a +0 pair of boots for 49 gold pieces
  7913 | D:7      | Bought a +1 cloak for 126 gold pieces
  8930 | D:8      | Reached skill level 9 in Axes
  9191 | D:8      | Reached skill level 5 in Fighting
  9269 | D:8      | Reached ** piety under Makhleb
  9749 | D:8      | Found a glowing golden altar of the Shining One.
  9758 | D:8      | Found a basalt altar of Yredelemnul.
  9997 | D:8      | Noticed an angel
 10005 | D:8      | Noticed a profane servitor
 10068 | D:9      | Found Zagasch's Magic Scroll Shop.
 10086 | D:9      | Bought a scroll of identify for 28 gold pieces
 10086 | D:9      | Bought a scroll of identify for 28 gold pieces
 10612 | D:9      | Got a polished ring mail
 10623 | D:9      | Identified the +5 ring mail of Xom {rC- MR+++ Int+4} (You found it on level 9 of the Dungeon)
 10996 | D:10     | Entered Level 10 of the Dungeon
 11027 | D:10     | Reached XP level 10. HP: 59/88 MP: 16/16
 11177 | D:10     | Reached *** piety under Makhleb
 11284 | D:10     | Found a blossoming altar of Fedhas.
 11367 | D:10     | Found Kaafogit's Weapon Boutique.
 11378 | D:10     | Noticed a hill giant
 11389 | D:10     | Killed a hill giant
 11389 | D:10     | Reached skill level 10 in Axes
 11389 | D:10     | Reached skill level 1 in Dodging
 11402 | D:10     | Killed an unseen horror
 11567 | D:10     | Slain by a komodo dragon

Vault maps used:
D:1:      dpeg_arrival_ternary
D:2:      nicolae_overflow_crystal_walls
D:3:      old_standard_altar, first_bread
D:4:      grunt_temple_overflow_open, lemuel_doored_altar,
          nemelex_xobeh_ov_fountains_minmay, glass_columns_b
D:5:      slow_altar_1, minmay_temple_entry_glassed_door, water_maze_lemuel,
          uniq_grinder
D:7:      serial_shops, nicolae_shop_stone, uniq_pikel
D:8:      grunt_temple_overflow_holy_war
D:9:      serial_shops, shop, abandoned_shop
D:10:     serial_shops, kennysheep_mini_moat, hangedman_tree_tricks,
          uniq_nergalle
Temple:   circular_temple_pool_8

Action                   |  1- 3 |  4- 6 |  7- 9 | 10-12 || total
-------------------------+-------+-------+-------+-------++-------
Melee: War axe           |   139 |   293 |   113 |       ||   545
       Flail             |       |       |   292 |    13 ||   305
       Battleaxe         |       |       |       |    36 ||    36
Throw: Stone             |    54 |   128 |    43 |       ||   225
       Tomahawk          |       |     2 |   157 |    23 ||   182
 Abil: Device Recharging |       |       |       |     1 ||     1
Evoke: Wand              |     1 |     1 |    16 |     6 ||    24
  Use: Scroll            |     3 |     3 |     9 |       ||    15
       Potion            |       |     1 |     1 |       ||     2
 Stab: Invisible         |       |       |     4 |       ||     4
  Eat: Chunk             |     3 |    12 |    22 |     3 ||    40
       Pizza             |       |       |     1 |       ||     1
       Beef jerky        |       |       |     1 |       ||     1
